 Dungeon Crawl Stone Soup version 0.20.1-1-g8b1a95d (webtiles) character file.

519 Gremour the Shield-Bearer (level 7, 0/44 HPs)
             Began as a Gargoyle Fighter on Sept 7, 2017.
             Slain by a bullfrog zombie (3 damage)
             ... on level 5 of the Dungeon.
             The game lasted 00:28:19 (3298 turns).

Gremour the Shield-Bearer (Gargoyle Fighter)        Turns: 3298, Time: 00:28:20

Health: 0/44       AC: 12    Str: 18 (20) XL:     7   Next: 21%
Magic:  7/7        EV:  9    Int:  6 (9)  God:
Gold:   143        SH:  9    Dex:  7 (10) Spells: 6/6 levels left

rFire    . . .     SeeInvis .   v - +0 trident
rCold    . . .     Gourm    .   c - +0 shield
rNeg     + . .     Faith    .   k - +3 leather armour
rPois    ∞         Spirit   .   (no helmet)
rElec    +         Reflect  .   (no cloak)
rCorr    .         Harm     .   (no gloves)
MR       .....                  g - +0 pair of boots
Stlth    +.........             p - amulet of rage
Regen    0.2/turn               (no ring)
MPRegen  0.1/turn               (no ring)

@: berserk cooldown, flying, slowed, very slow
A: negative energy resistance 1, electricity resistance, unbreathing,
petrification resistance, rot immunity, AC +4
a: Evoke Berserk Rage


You were on level 5 of the Dungeon.
You were near starving.

You visited 1 branch of the dungeon, and saw 6 of its levels.

You collected 143 gold pieces.

Inventory:

Hand Weapons
 a - a +0 war axe
 v - a +0 trident (weapon)
Missiles
 t - 3 javelins of returning (quivered)
Armour
 c - a +0 shield (worn)
 g - a +0 pair of boots (worn)
 k - a +3 leather armour (worn)
Magical Staves
 u - an uncursed staff of conjuration
Jewellery
 p - an amulet of rage (around neck)
 w - an uncursed amulet of regeneration
Scrolls
 h - a scroll of enchant weapon {unknown}
 i - a scroll of fog {unknown}
 o - a scroll of immolation {unknown}
 q - 2 scrolls of teleportation {unknown}
 r - a scroll of identify {unknown}
 s - 2 scrolls of remove curse
Potions
 b - a potion of haste {unknown}
 d - 3 potions of might
 n - a potion of agility
Books
 l - a book of Misfortune

   Spells                             Type                      Level
   a - Confusing Touch                Hexes                        1
   b - Confuse                        Hexes                        3
   c - Gell's Gravitas                Translocation                3
   d - Petrify                        Transmutation/Earth          4
   e - Metabolic Englaciation         Hexes/Ice                    5
   f - Yara's Violent Unravelling     Hexes/Transmutation          5
Comestibles
 f - 4 bread rations
 m - a meat ration


   Skills:
 * Level 4.8 Fighting
 + Level 2.6(3.0) Axes
 + Level 2.0(2.6) Polearms
 * Level 4.7 Armour
 + Level 1.3 Dodging
 + Level 0.2 Stealth
 * Level 5.5 Shields
 + Level 0.1 Evocations


You had 6 spell levels left.
You didn't know any spells.

Dungeon Overview and Level Annotations

Branches:
Dungeon (6/15)
 Temple: D:4-7

Altars:
Dithmenos
Vehumet

Annotations:
D:5 Sigmund


Innate Abilities, Weirdness & Mutations

You are resistant to torment.
Your stone body is resilient. (AC +4)
You are immune to poison.
You resist negative energy. (rN+)
You are resistant to electric shocks. (rElec)
You can survive without breathing.
You are immune to petrification.
You are immune to rotting.


Message History

The bullfrog zombie hits you.
The phantom blinks!
The bullfrog zombie barely misses you. You block the two-headed ogre's attack.
The two-headed ogre hits you with a dire flail!
* * * LOW HITPOINT WARNING * * *
The bullfrog zombie closely misses you.
It was a potion of flight.
You feel very buoyant.
You fly up into the air.
The two-headed ogre closely misses you.
The two-headed ogre hits you with a dire flail.
* * * LOW HITPOINT WARNING * * *
You block the bullfrog zombie's attack.
You block the two-headed ogre's attack. x2
The bullfrog zombie hits you but does no damage.
You feel better.
The bullfrog zombie hits you but does no damage.
The two-headed ogre barely misses you. x2; The bullfrog zombie hits you.
* * * LOW HITPOINT WARNING * * *
You puncture the bullfrog zombie!
The bullfrog zombie is almost destroyed.
The bullfrog zombie hits you.
You die...

#..........########.###.....#.#
#........@.# #.Z..Z{.#....
#..........# #######.##.##
#..........# #..#.##
#........## ##....# #.....O.##
###.. ...###SZ## ##### #(# ##
##W####SO.# #.# #..##.@#@# #.#
##.##.##Z### .. #......W..# #.
###.....#..######### #.
##########...##.........##### .
............###..#####......
..##..............##?$5##.####
#.................#..∩55#.....
#.........#.....##..5##.###.


You could see a two-headed ogre, a phantom, a bullfrog zombie and a ball python.

Vanquished Creatures
  A phantom (D:4)
  An ogre (D:4)
  A centaur zombie (D:5)
  A hound (D:3)
  An iguana (D:4)
  4 worker ants (D:4)
  A hound zombie (D:4)
  A hound skeleton (D:4)
  3 adders
  An ooze (D:1)
  An adder zombie (D:4)
  2 worms
  A dart slug (D:1)
  2 leopard geckos
  A ball python (D:2)
  9 bats
  11 giant cockroaches
  4 goblins
  7 hobgoblins
  16 jackals (D:3)
  7 kobolds
  A ball python zombie (D:4)
  7 frilled lizards
  A leopard gecko skeleton (D:4)
  A leopard gecko zombie (D:4)
  12 rats
98 creatures vanquished.

Notes
Turn   | Place    | Note
-------+----------+-------------------------------------------
     0 | D:1      | Gremour the Gargoyle Fighter began the quest for the Orb.
     0 | D:1      | Reached XP level 1. HP: 14/14 MP: 1/1
   149 | D:1      | Reached XP level 2. HP: 18/19 MP: 2/2
   602 | D:1      | Reached XP level 3. HP: 23/23 MP: 3/3
   800 | D:1      | You fall through a shaft!
  1090 | D:2      | Reached skill level 4 in Shields
  1261 | D:2      | Reached XP level 4. HP: 29/29 MP: 4/4
  1602 | D:3      | Found a radiant altar of Vehumet.
  1791 | D:3      | Reached XP level 5. HP: 32/33 MP: 5/5
  1846 | D:3      | Found a shadowy altar of Dithmenos.
  2163 | D:4      | Reached skill level 5 in Shields
  2371 | D:4      | Noticed a phantom
  2520 | D:4      | Killed a phantom
  2520 | D:4      | Reached skill level 1 in Polearms
  2520 | D:4      | Reached skill level 1 in Dodging
  2520 | D:4      | Reached XP level 6. HP: 38/38 MP: 6/6
  2859 | D:4      | Reached XP level 7. HP: 43/44 MP: 7/7
  3129 | D:5      | Entered Level 5 of the Dungeon
  3185 | D:5      | Noticed a two-headed ogre
  3190 | D:5      | Noticed Sigmund
  3296 | D:5      | HP: 1/44 [two-headed ogre/giant spiked club (6)]
  3298 | D:5      | Slain by a bullfrog zombie

Skill      XL: |  1  2  3  4  5  6  7 |
---------------+----------------------+-----
Axes           | 2 |  2.6
Shields        | 4 5 |  5.5
Fighting       | 4 |  4.8
Polearms       | 1 2 |  2.0
Armour         | 4 |  4.7
Dodging        | 1 |  1.3
Stealth        | |  0.2
Evocations     | |  0.1

Action                   |  1- 3 |  4- 6 |  7- 9 || total
-------------------------+-------+-------+-------++-------
Melee: War axe           |   117 |   157 |       ||   274
       Trident           |       |    92 |    57 ||   149
Throw: Javelin           |       |     3 |       ||     3
 Abil: Evoke Berserk Rag |       |     1 |     2 ||     3
  Use: Scroll            |     2 |       |       ||     2
       Potion            |       |     4 |     2 ||     6
  Eat: Royal jelly       |     1 |     1 |     1 ||     3
       Chunk             |       |     2 |       ||     2
       Fruit             |       |     2 |       ||     2
Armor: Scale mail        |    14 |       |       ||    14
       Ring mail         |    22 |       |       ||    22
       Leather armour    |    21 |   125 |    25 ||   171
Dodge: Dodged            |    61 |    91 |    37 ||   189
Block: Shield            |    54 |   138 |    28 ||   220
